| TOP OF THE 1ST |
|
University of Florida Gators batting - Pitching for University of Nebraska Cornhuskers : LHP Jamie Corbin
|
|
Pitching: LHP Jamie Corbin
|
|
|
Batting: RHB Marco Morales
|
0-0: Swinging Strike 0-1: Ball 1-1: SINGLE (Line Drive, 9S, EV 95.6 MPH)
|
|
Batting: LHB Terry Bayer
|
0-0: Foul Ball, location: 2F 0-1: Ball 1-1: Foul Ball, location: 2F 1-2: Ball 2-2: Ball 3-2: Strikes out looking
|
|
Batting: RHB Robert Mason
|
0-0: Fly out, F9 (Flyball, 9S, EV 90.0 MPH)
|
|
Batting: RHB Gong-sun Law
|
0-0: Ball 1-0: 2-RUN HOME RUN (Flyball, 7LD, EV 91.9 MPH), Distance : 347 ft
|
|
Batting: RHB Elliott Pye
|
0-0: Called Strike 0-1: Foul Ball, location: 2F 0-2: Strikes out swinging
|
| Top of the 1st over - 2 runs, 2 hits, 0 errors, 0 left on base; University of Florida 2 - University of Nebraska 0 |
| BOTTOM OF THE 1ST |
|
University of Nebraska Cornhuskers batting - Pitching for University of Florida Gators : RHP Carlos Figueroa
|
|
Pitching: RHP Carlos Figueroa
|
|
|
Batting: RHB Nathaniel Adderley
|
0-0: Ball 1-0: Foul Ball, location: 2F 1-1: Ball 2-1: Ball 3-1: Ground out 5-3 (Groundball, 5, EV 99.4 MPH)
|
|
Batting: LHB Stu Proulx
|
0-0: Ground out 3-1 (Groundball, 34, EV 88.8 MPH)
|
|
Batting: RHB Zion Jones
|
0-0: Called Strike 0-1: Ground out 4-3 (Groundball, 34, EV 83.8 MPH)
|
| Bottom of the 1st over - 0 runs, 0 hits, 0 errors, 0 left on base; University of Florida 2 - University of Nebraska 0 |
| TOP OF THE 2ND |
|
University of Florida Gators batting - Pitching for University of Nebraska Cornhuskers : LHP Jamie Corbin
|
|
Batting: SHB Pat Justice
|
0-0: Called Strike 0-1: Ball 1-1: Foul Ball, location: 2F 1-2: Ball 2-2: Foul Ball, location: 2F 2-2: Ground out U3 (Groundball, 3, EV 98.8 MPH)
|
|
Batting: RHB Juan Lopez
|
0-0: Foul Ball, location: 2F 0-1: Ground out 6-3 (Groundball, 6, EV 81.9 MPH)
|
|
Batting: RHB Keith Kamerling
|
0-0: Swinging Strike 0-1: Foul Ball, location: 2F 0-2: Ball 1-2: Strikes out swinging
|
| Top of the 2nd over - 0 runs, 0 hits, 0 errors, 0 left on base; University of Florida 2 - University of Nebraska 0 |
| BOTTOM OF THE 2ND |
|
University of Nebraska Cornhuskers batting - Pitching for University of Florida Gators : RHP Carlos Figueroa
|
|
Batting: LHB Bob Appleby
|
0-0: Called Strike 0-1: Ball 1-1: Ball 2-1: Fly out, F8 (Flyball, 8LM, EV 95.6 MPH)
|
|
Batting: SHB Kent Worboys
|
0-0: Called Strike 0-1: Hit by Pitch
|
|
Batting: SHB Gary Luckwell
|
0-0: Ball 1-0: Foul Ball, location: 2F 1-1: Ball 2-1: SINGLE (Groundball, 34D, EV 101.2 MPH) Kent Worboys to second
|
|
Batting: LHB Lupe Garcia
|
0-0: Swinging Strike 0-1: Foul Ball, location: 2F 0-2: Foul Ball, location: 2F 0-2: Strikes out swinging
|
|
Batting: RHB Aidan Collet
|
0-0: Fielders Choice at 2nd, 6-4 (Groundball, 6, EV 88.8 MPH)
|
| Bottom of the 2nd over - 0 runs, 1 hit, 0 errors, 2 left on base; University of Florida 2 - University of Nebraska 0 |
| TOP OF THE 3RD |
|
University of Florida Gators batting - Pitching for University of Nebraska Cornhuskers : LHP Jamie Corbin
|
|
Batting: LHB Dave Newsome
|
0-0: Swinging Strike 0-1: Ball 1-1: Foul Ball, location: 2F 1-2: Strikes out looking
|
|
Batting: RHB Marco Morales
|
0-0: Ball 1-0: Called Strike 1-1: Swinging Strike 1-2: Strikes out swinging
|
|
Batting: LHB Terry Bayer
|
0-0: Foul Ball, location: 2F 0-1: Ground out 5-3 (Groundball, 5, EV 91.2 MPH)
|
| Top of the 3rd over - 0 runs, 0 hits, 0 errors, 0 left on base; University of Florida 2 - University of Nebraska 0 |
| BOTTOM OF THE 3RD |
|
University of Nebraska Cornhuskers batting - Pitching for University of Florida Gators : RHP Carlos Figueroa
|
|
Batting: RHB Tariq Garane
|
0-0: Foul Ball, location: 2F 0-1: Ball 1-1: Ball 2-1: Swinging Strike 2-2: Ball 3-2: Foul Ball, location: 2F 3-2: Base on Balls
|
|
Batting: RHB Nathaniel Adderley
|
0-0: Ball 1-0: Ball 2-0: Ball 3-0: Called Strike 3-1: Base on Balls Tariq Garane to second
|
|
Batting: LHB Stu Proulx
|
0-0: Ball 1-0: Fly out, F7 (Flyball, 78S, EV 83.1 MPH)
|
|
Batting: RHB Zion Jones
|
0-0: Ball 1-0: Called Strike 1-1: Ball 2-1: Foul Ball, location: 2F 2-2: Foul Ball, location: 2F 2-2: Foul Ball, location: 2F 2-2: Strikes out swinging
|
|
Batting: LHB Bob Appleby
|
0-0: Called Strike 0-1: Ball 1-1: Foul Ball, location: 2F 1-2: Strikes out swinging
|
| Bottom of the 3rd over - 0 runs, 0 hits, 0 errors, 2 left on base; University of Florida 2 - University of Nebraska 0 |
| TOP OF THE 4TH |
|
University of Florida Gators batting - Pitching for University of Nebraska Cornhuskers : LHP Jamie Corbin
|
|
Batting: RHB Robert Mason
|
0-0: Called Strike 0-1: Ball 1-1: Foul Ball, location: 2F 1-2: Fly out, F7 (Flyball, 7D, EV 96.9 MPH)
|
|
Batting: RHB Gong-sun Law
|
0-0: Foul Ball, location: 2F 0-1: Ground out 5-3 (Groundball, 56, EV 87.5 MPH)
|
|
Batting: RHB Elliott Pye
|
0-0: Ball 1-0: Ball 2-0: Called Strike 2-1: Ball 3-1: Foul Ball, location: 2F 3-2: SINGLE (Groundball, 56D, EV 100.0 MPH)
|
|
Batting: SHB Pat Justice
|
0-0: Called Strike 0-1: Foul Ball, location: 2F 0-2: Ball 1-2: Fly out, F8 (Flyball, 8LM, EV 74.4 MPH)
|
| Top of the 4th over - 0 runs, 1 hit, 0 errors, 1 left on base; University of Florida 2 - University of Nebraska 0 |
| BOTTOM OF THE 4TH |
|
University of Nebraska Cornhuskers batting - Pitching for University of Florida Gators : RHP Carlos Figueroa
|
|
Batting: SHB Kent Worboys
|
0-0: Ball 1-0: Ground out 4-3 (Groundball, 4, EV 81.9 MPH)
|
|
Batting: SHB Gary Luckwell
|
0-0: Ball 1-0: Reached on error, E3 (Groundball, 34, EV 90.0 MPH)
|
|
Batting: LHB Lupe Garcia
|
0-0: Ball 1-0: Ball 2-0: Ball 3-0: Base on Balls
|
|
Batting: RHB Aidan Collet
|
0-0: Called Strike 0-1: Swinging Strike 0-2: Strikes out swinging
|
|
Batting: RHB Tariq Garane
|
0-0: Ground out U3 (Groundball, 3, EV 79.4 MPH)
|
| Bottom of the 4th over - 0 runs, 0 hits, 1 error, 2 left on base; University of Florida 2 - University of Nebraska 0 |
| TOP OF THE 5TH |
|
University of Florida Gators batting - Pitching for University of Nebraska Cornhuskers : LHP Jamie Corbin
|
|
Batting: RHB Juan Lopez
|
0-0: SOLO HOME RUN (Flyball, 7LD, EV 90.6 MPH), Distance : 341 ft
|
|
Batting: RHB Keith Kamerling
|
0-0: Called Strike 0-1: Foul Ball, location: 2F 0-2: Foul Ball, location: 2F 0-2: Strikes out swinging
|
|
Batting: LHB Dave Newsome
|
0-0: Ball 1-0: Swinging Strike 1-1: Foul Ball, location: 2F 1-2: Foul Ball, location: 2F 1-2: Ground out 4-3 (Groundball, 4, EV 101.9 MPH)
|
|
Batting: RHB Marco Morales
|
0-0: Ball 1-0: Ball 2-0: Called Strike 2-1: Ground out 1-3 (Groundball, 13S, EV 76.2 MPH)
|
| Top of the 5th over - 1 run, 1 hit, 0 errors, 0 left on base; University of Florida 3 - University of Nebraska 0 |
| BOTTOM OF THE 5TH |
|
University of Nebraska Cornhuskers batting - Pitching for University of Florida Gators : RHP Carlos Figueroa
|
|
Batting: RHB Nathaniel Adderley
|
0-0: Called Strike 0-1: Called Strike 0-2: Strikes out swinging
|
|
Batting: LHB Stu Proulx
|
0-0: Foul Ball, location: 2F 0-1: Swinging Strike 0-2: Ground out 4-3 (Groundball, 4, EV 92.5 MPH)
|
|
Batting: RHB Zion Jones
|
0-0: Foul Ball, location: 2F 0-1: Foul Ball, location: 2F 0-2: Ball 1-2: SOLO HOME RUN (Line Drive, 7LD, EV 91.9 MPH), Distance : 357 ft
|
|
Batting: LHB Bob Appleby
|
0-0: Ball 1-0: Ball 2-0: Foul Ball, location: 2F 2-1: Swinging Strike 2-2: Foul Ball, location: 2F 2-2: Foul Ball, location: 2F 2-2: Foul Ball, location: 2F 2-2: Hit by Pitch
|
|
Pitching: LHP John Nicholson
|
|
|
Batting: SHB Kent Worboys
|
0-0: Called Strike Bob Appleby is caught stealing 2nd base 2-4
|
| Bottom of the 5th over - 1 run, 1 hit, 0 errors, 0 left on base; University of Florida 3 - University of Nebraska 1 |
| TOP OF THE 6TH |
|
University of Florida Gators batting - Pitching for University of Nebraska Cornhuskers : LHP Jamie Corbin
|
|
Batting: LHB Terry Bayer
|
0-0: Called Strike 0-1: Foul Ball, location: 2F 0-2: Strikes out swinging
|
|
Batting: RHB Robert Mason
|
0-0: TRIPLE (Line Drive, 9LD, EV 111.9 MPH)
|
|
Batting: RHB Gong-sun Law
|
0-0: Ball 1-0: Ball 2-0: Called Strike 2-1: Ground out 4-3 (Groundball, 34, EV 108.1 MPH) Robert Mason scores
|
|
Batting: RHB Elliott Pye
|
0-0: Ball 1-0: Swinging Strike 1-1: Swinging Strike 1-2: DOUBLE (Line Drive, 89D, EV 112.5 MPH)
|
|
Pitching: LHP Samuel Hulbert
|
|
|
Batting: SHB Pat Justice
|
0-0: Ball 1-0: Ball 2-0: Ball 3-0: Called Strike 3-1: Foul Ball, location: 2F 3-2: Ground out 6-3 (Groundball, 6, EV 80.6 MPH)
|
| Top of the 6th over - 1 run, 2 hits, 0 errors, 1 left on base; University of Florida 4 - University of Nebraska 1 |
| BOTTOM OF THE 6TH |
|
University of Nebraska Cornhuskers batting - Pitching for University of Florida Gators : LHP John Nicholson
|
|
Batting: SHB Kent Worboys
|
0-0: Ball 1-0: Ball 2-0: Ball 3-0: Called Strike 3-1: Foul Ball, location: 2F 3-2: Fly out, F3 (Popup, 34S, EV 67.5 MPH)
|
|
Batting: SHB Gary Luckwell
|
0-0: Called Strike 0-1: Foul Ball, location: 2F 0-2: Foul Ball, location: 2F 0-2: Strikes out swinging
|
|
Batting: LHB Lupe Garcia
|
0-0: Foul Ball, location: 2F 0-1: Foul Ball, location: 2F 0-2: Strikes out swinging
|
| Bottom of the 6th over - 0 runs, 0 hits, 0 errors, 0 left on base; University of Florida 4 - University of Nebraska 1 |
| TOP OF THE 7TH |
|
University of Florida Gators batting - Pitching for University of Nebraska Cornhuskers : LHP Samuel Hulbert
|
|
Batting: RHB Juan Lopez
|
0-0: Called Strike 0-1: Ball 1-1: Foul Ball, location: 2F 1-2: Foul Ball, location: 2F 1-2: Ball 2-2: Ball 3-2: Strikes out swinging
|
|
Batting: RHB Keith Kamerling
|
0-0: Hit by Pitch
|
|
Batting: LHB Dave Newsome
|
0-0: Called Strike 0-1: Ball 1-1: Swinging Strike 1-2: Ball 2-2: Ball 3-2: Strikes out swinging
|
|
Batting: RHB Marco Morales
|
0-0: DOUBLE (Groundball, 3L, EV 103.8 MPH) Keith Kamerling to third
|
|
Batting: LHB Terry Bayer
|
0-0: Ball 1-0: Ball 2-0: Ball 3-0: Base on Balls
|
|
Batting: RHB Robert Mason
|
0-0: Called Strike 0-1: SINGLE (Line Drive, 9S, EV 111.2 MPH) Keith Kamerling scores Marco Morales to third Terry Bayer to second Runner from 3rd tries for Home, SAFE, throw by RF to home
|
|
Now in RF: Avicenna Abdul-Muta'al
|
|
|
Batting: RHB Gong-sun Law
|
0-0: Ball 1-0: Called Strike 1-1: Swinging Strike 1-2: Ball 2-2: Ball 3-2: Foul Ball, location: 2F 3-2: DOUBLE (Line Drive, 9LM, EV 112.5 MPH) Terry Bayer scores Robert Mason to third Robert Mason scores
|
|
Pitching: RHP Doug Haas
|
|
|
Batting: RHB Elliott Pye
|
0-0: Ball 1-0: Ball 2-0: Ball 3-0: Called Strike 3-1: Called Strike 3-2: Ground out 5-3 (Groundball, 5L, EV 93.1 MPH)
|
| Top of the 7th over - 4 runs, 3 hits, 0 errors, 1 left on base; University of Florida 8 - University of Nebraska 1 |
| BOTTOM OF THE 7TH |
|
University of Nebraska Cornhuskers batting - Pitching for University of Florida Gators : LHP John Nicholson
|
|
Batting: RHB Aidan Collet
|
0-0: Ball 1-0: Foul Ball, location: 2F 1-1: Ball 2-1: Foul Ball, location: 2F 2-2: Reached on error, E3 (Groundball, 34, EV 82.5 MPH)
|
|
Batting: RHB Tariq Garane
|
0-0: Hit by Pitch Aidan Collet to second
|
|
Batting: RHB Nathaniel Adderley
|
0-0: Grounds into double play, 4-6-3 (Groundball, 4, EV 84.4 MPH) Aidan Collet to third
|
|
Batting: LHB Stu Proulx
|
0-0: Called Strike 0-1: Foul Ball, location: 2F 0-2: Strikes out swinging
|
| Bottom of the 7th over - 0 runs, 0 hits, 1 error, 1 left on base; University of Florida 8 - University of Nebraska 1 |
| TOP OF THE 8TH |
|
University of Florida Gators batting - Pitching for University of Nebraska Cornhuskers : RHP Doug Haas
|
|
Batting: SHB Pat Justice
|
0-0: Foul Ball, location: 2F 0-1: Ball 1-1: Foul Ball, location: 2F 1-2: Foul Ball, location: 2F 1-2: SOLO HOME RUN (Flyball, 9LD, EV 90.0 MPH), Distance : 327 ft
|
|
Batting: RHB Juan Lopez
|
0-0: Ball 1-0: Called Strike 1-1: Foul Ball, location: 2F 1-2: Foul Ball, location: 2F 1-2: SINGLE (Groundball, 6D, EV 106.2 MPH)
|
|
Batting: RHB Keith Kamerling
|
0-0: Called Strike 0-1: Swinging Strike 0-2: Foul Ball, location: 5F, Error on foul ball, E5 0-2: Strikes out swinging
|
|
Pinch Hitting: RHB Manny Harrison
|
0-0: Ball 1-0: Fielders Choice at 2nd, 1-4 (Groundball, P, EV 73.8 MPH)
|
|
Batting: RHB Marco Morales
|
0-0: Foul Ball, location: 2F 0-1: Ball 1-1: Ball 2-1: Fly out, F9 (Line Drive, 9, EV 91.9 MPH)
|
| Top of the 8th over - 1 run, 2 hits, 1 error, 1 left on base; University of Florida 9 - University of Nebraska 1 |
| BOTTOM OF THE 8TH |
|
University of Nebraska Cornhuskers batting - Pitching for University of Florida Gators : LHP John Nicholson
|
|
Now at 1B: Jose Garcia
|
|
|
Batting: LHB Avicenna Abdul-Muta'al
|
0-0: Ball 1-0: Foul Ball, location: 2F 1-1: Ball 2-1: Ball 3-1: Called Strike 3-2: Foul Ball, location: 2F 3-2: SOLO HOME RUN (Flyball, 89XD, EV 112.5 MPH), Distance : 417 ft
|
|
Batting: RHB Chris Anthony
|
0-0: Ground out 6-3 (Groundball, 6, EV 98.8 MPH)
|
|
Batting: SHB Kent Worboys
|
0-0: SOLO HOME RUN (Flyball, 9D, EV 94.4 MPH), Distance : 378 ft
|
|
Batting: SHB Gary Luckwell
|
0-0: DOUBLE (Flyball, 78XD, EV 104.4 MPH)
|
|
Batting: LHB Lupe Garcia
|
0-0: Ball 1-0: Fly out, F7 (Flyball, 7D, EV 91.9 MPH) Runner from 2nd tags up, OUT at 3rd! 7-5
|
| Bottom of the 8th over - 2 runs, 3 hits, 0 errors, 0 left on base; University of Florida 9 - University of Nebraska 3 |
| TOP OF THE 9TH |
|
University of Florida Gators batting - Pitching for University of Nebraska Cornhuskers : RHP Doug Haas
|
|
Batting: LHB Terry Bayer
|
0-0: Foul Ball, location: 2F 0-1: Foul Ball, location: 2F 0-2: Ground out 5-3 (Groundball, 5L, EV 93.8 MPH)
|
|
Batting: RHB Robert Mason
|
0-0: Ball 1-0: Ground out 5-3 (Groundball, 5, EV 83.8 MPH)
|
|
Batting: RHB Gong-sun Law
|
0-0: Ball 1-0: Called Strike 1-1: SINGLE (Line Drive, 6D, EV 96.9 MPH)
|
|
Batting: RHB Elliott Pye
|
0-0: Foul Ball, location: 2F 0-1: Foul Ball, location: 2F 0-2: Ball Gong-sun Law is caught stealing 2nd base 2-4
|
| Top of the 9th over - 0 runs, 1 hit, 0 errors, 0 left on base; University of Florida 9 - University of Nebraska 3 |
| BOTTOM OF THE 9TH |
|
University of Nebraska Cornhuskers batting - Pitching for University of Florida Gators : LHP John Nicholson
|
|
Batting: RHB Aidan Collet
|
0-0: Called Strike 0-1: Foul Ball, location: 2F 0-2: Ball 1-2: Foul Ball, location: 2F 1-2: Foul Ball, location: 2F 1-2: Ball 2-2: Fly out, F7 (Flyball, 78M, EV 83.8 MPH)
|
|
Batting: RHB Tariq Garane
|
0-0: Swinging Strike 0-1: Ground out U3 (Groundball, 34, EV 85.0 MPH)
|
|
Batting: RHB Nathaniel Adderley
|
0-0: Swinging Strike 0-1: Ball 1-1: Ball 2-1: Foul Ball, location: 2F 2-2: Ball 3-2: Strikes out swinging
|
| Bottom of the 9th over - 0 runs, 0 hits, 0 errors, 0 left on base; University of Florida 9 - University of Nebraska 3 |
|